cohdb
Replays
Latest Replays
All Replays
Popular Replays
Top Player Replays
Match Explorer
How It Works
Community
CoH3 Stats
Reddit
Sign in to upload your games and track your stats! →
Sign in with Steam
Match 42878959
Unlisted
Match 42878959
Overview
Messages
Build Orders
End
Construct Infanterie Kompanie
Selects Luftwaffe Battlegroup
MG 42 Machine Gun Team
GrW 34 Mortar Team
GrW 34 Mortar Team
Construct Luftwaffe Kompanie
Jäger Squad
Jäger Squad
Selects Stuka Strafing Run
Selects Fallschirmjäger Squad Paradrop
Fallschirmjäger Squad Paradrop
Jäger Squad
Fallschirmjäger Squad Paradrop
Stuka Strafing Run
Selects Fragmentation Bombs
[lol] Jokurino
Redbone
MasterDebater
jeremerida
Jazzzzy
killall
Flat Earth
CookieforFox
0
0
Comments
sign in to comment!
No comments posted yet!